 Dungeon Crawl Stone Soup version 0.29.1-15-g9cfb28693d (webtiles) character file.

Game seed: 15102004903094013503

965 Smoke131 the Trooper (level 8, -11/84 HPs)
             Began as an Ogre Gladiator on Feb 28, 2023.
             Mangled by a gnoll sergeant
             ... wielding a +0 trident
              (13 damage)
             ... on level 4 of the Dungeon.
             The game lasted 00:11:08 (6354 turns).

Smoke131 the Trooper (Ogre Gladiator)               Turns: 6354, Time: 00:11:08

Health: -11/84     AC:  3    Str: 24    XL:     8   Next: 15%
Magic:  8/8        EV: 10    Int:  9    God:
Gold:   192        SH:  5    Dex: 10    Spells: 7/7 levels left

rFire   . . .      SeeInvis .   a - +0 war axe
rCold   + . .      Faith    .   (no shield)
rNeg    . . .      Spirit   .   b - +0 robe
rPois   +          Reflect  +   c - +0 hat
rElec   .          Harm     .   (no cloak)
rCorr   .          Rampage  .   (gloves unavailable)
Will    .....                   (boots unavailable)
Stlth   +.........              n - amulet of reflection
HPRegen 0.24/turn               l - ring of poison resistance
MPRegen 0.11/turn               p - ring of Trepidation {rC+ Str+3}

@: no status effects
A: large, unfitting armour, tough skin 1
a: no special abilities


You were on level 4 of the Dungeon.
You visited 1 branch of the dungeon, and saw 5 of its levels.

You collected 192 gold pieces.

Inventory:

Hand Weapons
 a - a +0 war axe (weapon)
Missiles
 d - 3 throwing nets (quivered)
 i - 16 poisoned darts
 j - 31 stones
 r - 3 javelins
Armour
 b - a +0 robe (worn)
 c - a +0 hat (worn)
Jewellery
 h - a ring of positive energy
 l - a ring of poison resistance (left hand)
 m - a ring of flight
 n - an amulet of reflection (around neck)
 p - the ring of Trepidation (right hand) {rC+ Str+3}
   (You acquired it on level 5 of the Dungeon)

   [ring of protection from cold]

   Str:       It affects your strength (+3).
   rC:        It protects you from cold.
Scrolls
 f - 3 scrolls of identify
 g - a scroll of fear {unknown}
 k - 4 scrolls of vulnerability
Potions
 s - a potion of lignification
 t - a potion of cancellation


   Skills:
 + Level 6.4 Fighting
 + Level 5.4 Axes
 + Level 4.8 Throwing
 + Level 3.5 Armour
 - Level 3.0 Dodging


You had 7 spell levels left.
You didn't know any spells.
Your spell library contained the following spells:

 Spells                   Type           Power      Damage    Failure   Level
 Static Discharge         Conj/Air       0%         3-3/arc   52%         2
 Frozen Ramparts          Ice            0%         1d1       77%         3
 Dispel Undead            Necr           0%         3d6       99%         4
 Ice Form                 Ice/Tmut       0%         N/A       99%         4
 Sticky Flame             Conj/Fire      0%         2d3       99%         4
 Summon Ice Beast         Ice/Summ       0%         N/A       99%         4


Dungeon Overview and Level Annotations

Branches:
Dungeon (5/15)
 Temple: D:4-7

Altars:
Hepliaklqana
Nemelex Xobeh

Shops:
D:1 =


Innate Abilities, Weirdness & Mutations

You are too large for most types of armour.
You have tough skin. (AC +1)


Message History

The gnoll sergeant hits you with a +0 trident!
You climb upwards.
There is a stone staircase leading down here.
You barely miss the gnoll sergeant. The gnoll sergeant closely misses you.
You barely miss the gnoll sergeant.
The gnoll sergeant hits you with a +0 trident!
The gnoll sergeant hits you with a +0 trident.
You slash the gnoll sergeant!
The gnoll sergeant is moderately wounded.
You block the gnoll sergeant's attack.
You hit the gnoll sergeant but do no damage.
The gnoll sergeant is moderately wounded.
The gnoll sergeant hits you with a +0 trident!
You barely miss the gnoll sergeant.
The gnoll sergeant is moderately wounded.
The gnoll sergeant hits you with a +0 trident!
You hit the gnoll sergeant.
The gnoll sergeant is heavily wounded.
The gnoll sergeant misses you.
You hit the gnoll sergeant.
The gnoll sergeant is severely wounded.
The gnoll sergeant hits you with a +0 trident.
The gnoll sergeant hits you with a +0 trident!
* * * LOW HITPOINT WARNING * * *
You hit the gnoll sergeant but do no damage.
The gnoll sergeant is severely wounded.
The gnoll sergeant closely misses you.
You barely miss the gnoll sergeant.
The gnoll sergeant is severely wounded.
The gnoll sergeant hits you with a +0 trident!
* * * LOW HITPOINT WARNING * * *
Throw: large rock
Press: ? - help, Q - select action, (/) - cycle Shift-Dir - straight line, f - gnoll sergeant
Aim: a gnoll sergeant, wielding a +0 trident and wearing a +0 ring mail (severely wounded, 69% to hit)
You throw a large rock. The large rock hits the gnoll sergeant.
The gnoll sergeant is severely wounded.
The gnoll sergeant hits you with a +0 trident!
* * * LOW HITPOINT WARNING * * *
The gnoll sergeant hits you with a +0 trident!
You die...

.......##.......#
##...####......)## ##...##
#........### ......#
#..........#
#.##..###.......#..####
#.#........######.....##
#.#........#######.##..#
.)#.............##.###.#
#.........##....@g.....#
..#..........###.....###
..#.......##..####....######
..#.....#.###..###.........#
.##.....#..........##......#
.###.#....####.#.####......#
........#..# #...# ##.....#
.......###.# #..## ##....#
.....#####.###..# #....#


You could see a gnoll sergeant.

Vanquished Creatures
  Grinder (D:4)
  2 ogres (D:4)
  A phantom (D:4)
  A kobold brigand (D:4)
  A necrophage (D:4)
  A scorpion (D:3)
  Terence (D:2)
  2 orc wizards
  2 iguanas (D:5)
  A gnoll (D:5)
  9 adders
  A worm (D:2)
  14 orcs
  9 ball pythons
  4 endoplasms
  A giant cockroach (D:1)
  6 goblins
  5 hobgoblins
  8 jackals
  A kobold (D:1)
  5 quokkas (D:4)
  4 bats
  3 frilled lizards (D:1)
  6 rats
89 creatures vanquished.

Vanquished Creatures (collateral kills)
  An orc priest (D:5)
1 creature vanquished.

Grand Total: 90 creatures vanquished

Notes
Turn   | Place    | Note
-------+----------+-------------------------------------------
     0 | D:1      | Smoke131 the Ogre Gladiator began the quest for the Orb.
     0 | D:1      | Reached XP level 1. HP: 22/22 MP: 1/1
   275 | D:1      | You fall into a shaft and drop 1 floor!
   291 | D:2      | Reached XP level 2. HP: 29/29 MP: 2/2
   301 | D:2      | Reached skill level 3 in Fighting
   660 | D:1      | Found Foavvec's Jewellery Boutique.
  1111 | D:2      | Found a hazy altar of Hepliaklqana.
  1141 | D:2      | Reached XP level 3. HP: 37/37 MP: 3/3
  1462 | D:2      | Reached skill level 1 in Armour
  1775 | D:2      | Noticed Terence
  1783 | D:2      | Killed Terence
  1784 | D:2      | Reached XP level 4. HP: 44/48 MP: 4/4
  1853 | D:2      | Found a faded altar of an unknown god.
  2507 | D:3      | Found a sparkling altar of Nemelex Xobeh.
  2964 | D:3      | Reached skill level 4 in Fighting
  2964 | D:3      | Reached XP level 5. HP: 45/54 MP: 5/5
  3977 | D:4      | Reached XP level 6. HP: 63/63 MP: 6/6
  4031 | D:4      | HP: 2/63 [something (2)]
  4726 | D:3      | Reached skill level 5 in Fighting
  5008 | D:4      | Reached XP level 7. HP: 50/72 MP: 7/7
  5167 | D:4      | Noticed Grinder
  5173 | D:4      | Paralysed by Grinder for 4 turns
  5382 | D:4      | Killed Grinder
  5598 | D:4      | Reached skill level 6 in Fighting
  5598 | D:4      | Reached skill level 5 in Axes
  5857 | D:5      | Entered Level 5 of the Dungeon
  5859 | D:5      | Identified a scroll of acquirement
  5859 | D:5      | Acquired the ring of Trepidation {rC+ Str+3}
  5906 | D:5      | Reached XP level 8. HP: 73/83 MP: 8/8
  6354 | D:4      | HP: 2/84 [gnoll sergeant/+0 trident (7)]
  6354 | D:4      | Mangled by a gnoll sergeant

Illustrated notes

Levels and vault maps discovered:
D:1:      tarquinn_simple_flora_water_d, layout_basic, serial_shops,
          nicolae_shop_hallway_plus, minmay_tree_intersection,
          serial_bayou_pond_e, hex_medium, minmay_misc_feat_hallway,
          minmay_misc_feat_enclosed
D:2:      layout_loops_ring, basic_altar, shapermc_ecumenical_altar_acropolis,
          uniq_terence
D:3:      layout_basic, lemuel_round_altar
D:4:      layout_rooms, uniq_grinder
D:5:      layout_gridville, nicolae_wooded_promenade

Skill      XL: |  1  2  3  4  5  6  7 |
---------------+----------------------+-----
Fighting       | 3 4 5 6 |  6.4
Dodging        | 3 |  3.0
Armour         | 1 2 3 |  3.5
Throwing       | 3 4 |  4.8
Axes           | 4 5 |  5.4

Action                   |  1- 3 |  4- 6 |  7- 9 || total
-------------------------+-------+-------+-------++-------
Melee: War axe           |   101 |   162 |    75 ||   338
       Punch             |     1 |     1 |       ||     2
Throw: Large rock        |     3 |     2 |     3 ||     8
       Javelin           |       |     3 |     3 ||     6
       Boomerang         |       |       |     6 ||     6
       Throwing net      |       |       |     1 ||     1
  Use: Scroll            |       |     9 |     3 ||    12
       Potion            |       |     3 |       ||     3
 Stab: Sleeping          |     1 |       |       ||     1
       Invisible         |       |     1 |       ||     1
Armor: Robe              |    42 |    46 |    18 ||   106
Dodge: Dodged            |    69 |   128 |    57 ||   254
Block: Other             |       |       |    11 ||    11
